Map: Neon Violet Square LE

Players

chakaPrain

  • Race: Terran Terran
  • League: Silver
  • Spawn Location: 5:00

iPlayDefense - Winner!

  • Race: Terran Terran
  • League: Silver
  • Spawn Location: 11:00

VOD

Have the link to the VOD?

Description

Time

  • Played on: April 13, 2025, 1:32 p.m.
  • Length: 19:02
Show
View Real Time Build Order
Export as new Build Order

chakaPrain Terran 

Build Orders: 2 Factory 

Get SALT Encoding   

  12  0:01  SCV  
  13  0:23  Supply Depot  
  13  0:28  Supply Depot  
  13  0:31  Refinery  
  13  0:46  Barracks  
  14  0:50  SCV  
  14  1:06  Refinery  
  14  1:09  SCV  
  15  1:21  SCV  
  16  1:34  Orbital Command  
  16  1:36  Reaper  
  17  1:56  Factory  
  17  2:04  SCV  
  18  2:20  Barracks  
  18  2:21  Marine  
  19  2:27  SCV  
  20  2:42  Starport  
  20  2:43  Factory Tech Lab  
  20  2:47  SCV  
  21  2:59  SCV  
  22  3:11  SCV  
  23  3:22  Barracks Reactor  
  23  3:26  Factory  
  23  3:27  Marine  
  23  3:32  Siege Tank  
  27  3:40  SCV  
  28  3:45  Marine  
  29  3:51  Supply Depot  
  29  3:52  SCV  
  30  4:02  Marine  
  31  4:12  Marine, Liberator  
  31  4:16  Supply Depot  
  35  4:17  Siege Tank  
  35  4:22  Factory Tech Lab  
  38  4:27  Marine  
  39  4:37  Marine  
  39  4:38  Supply Depot  
  40  4:41  SCV  
  40  4:45  Marine  
  41  4:51  Hellion  
  44  4:55  Medivac  
  46  5:01  Marine  
  46  5:03  Marine  
  46  5:04  Hellion  
  50  5:12  Hellion  
  52  5:18  Supply Depot  
  52  5:33  Barracks Tech Lab  
  52  5:39  Marine x2  
  52  5:40  Siege Tank  
  57  5:51  SCV  
  57  5:54  Engineering Bay  
  58  5:57  Command Center  
  58  6:02  Stimpack  
  58  6:03  SCV  
  43  6:45  Siege Tank  
  44  7:00  Marine  
  44  7:01  Marine  
  46  7:05  Liberator  
  46  7:06  Marine  
  50  7:17  Siege Tank  
  50  7:18  Marine x2  
  54  7:36  Marine x2  
  56  7:45  Siege Tank  
  56  7:48  Liberator  
  56  7:49  SCV  
  63  7:53  Refinery  
  63  7:54  Marine x2  
  65  8:01  SCV  
  59  8:13  SCV  
  59  8:18  Siege Tank  
  56  8:25  SCV  
  53  8:37  SCV  
  54  9:12  Marine  
  54  9:15  Hellion  
  57  9:30  Marine  
  58  9:31  Barracks  
  58  9:36  Hellion  
  58  9:37  Factory  
  60  9:38  Medivac  
  62  9:48  Marine  
  62  9:51  Barracks  
  63  9:57  Factory, Hellion  
  63  9:58  Orbital Command  
  65  10:06  Marine  
  66  10:08  Medivac  
  68  10:19  Hellion  
  68  10:20  Barracks Reactor  
  70  10:23  Marine  
  71  10:28  Factory Tech Lab  
  71  10:37  Factory Tech Lab  
  71  10:38  Medivac  
  71  10:40  Hellion  
  75  10:48  Marine  
  76  10:53  SCV  
  77  10:58  Missile Turret  
  77  11:05  SCV  
  77  11:07  Marine  
  77  11:08  Siege Tank  
  77  11:10  Factory Tech Lab  
  82  11:13  Barracks Reactor  
  82  11:15  Supply Depot  
  82  11:19  Missile Turret  
  82  11:20  Siege Tank  
  82  11:25  Marine  
  86  11:38  Supply Depot  
  86  11:40  Siege Tank  
  86  11:41  Missile Turret  
  86  11:43  Marine  
  70  12:00  Starport Tech Lab  
  70  12:01  Marine  
  70  12:04  Missile Turret  
  70  12:05  Marine x2  
  70  12:08  SCV  
  74  12:19  Marine  
  74  12:20  SCV  
  76  12:23  Marine x2  
  76  12:25  Missile Turret  
  78  12:32  SCV  
  79  12:44  SCV  
  79  12:45  Command Center  
  80  12:54  Hellion  
  80  12:56  SCV  
  80  12:58  Marine x2  
  85  13:15  Marine, Hellion  
  70  13:55  Siege Tank  
  70  13:56  Liberator  
  70  14:02  Supply Depot  
  76  14:25  Marine x3  
  76  14:26  Bunker  
  76  14:28  Siege Tank  
  82  14:33  Marine x2  
  84  14:39  Liberator  
  84  14:43  Marine x2  
  71  15:10  Siege Tank  
  74  15:22  Liberator  
  63  16:05  Viking  
  64  16:35  Viking  
  64  16:39  Marine  
  67  16:40  Marine x2  
  69  16:57  Marine  
  69  16:58  Marine  
  71  17:06  Orbital Command  
  71  17:14  Marine  
  53  18:28  Refinery  
  53  18:32  Refinery  
Show
View Real Time Build Order
Export as new Build Order

iPlayDefense Terran - Winner!

Build Orders:  

Get SALT Encoding   

  12  0:00  SCV  
  13  0:13  SCV  
  14  0:20  Supply Depot  
  14  0:26  Refinery  
  14  0:31  SCV  
  15  0:43  SCV  
  16  0:51  Barracks  
  16  0:55  SCV  
  17  1:08  SCV  
  18  1:20  SCV  
  19  1:41  Barracks Reactor  
  19  1:42  Orbital Command  
  19  1:45  Barracks  
  19  1:52  Barracks  
  19  1:56  Supply Depot  
  19  2:04  Refinery  
  19  2:17  Marine x2  
  21  2:24  SCV  
  22  2:34  Barracks Tech Lab, Marine  
  22  2:35  Marine  
  22  2:36  SCV  
  25  2:40  Barracks Tech Lab  
  25  2:44  Engineering Bay  
  25  2:48  SCV  
  26  2:52  Marine  
  26  2:53  Marine  
  28  2:59  Combat Shield, Stimpack  
  28  3:02  Marine x2  
  30  3:10  Marine  
  31  3:14  Terran Infantry Weapons Level 1  
  31  3:31  Supply Depot  
  31  3:53  SCV, Marine x4  
  36  4:01  Supply Depot  
  36  4:05  SCV  
  37  4:10  Marine x2  
  39  4:22  Marine x2  
  41  4:28  Marine  
  41  4:30  Command Center  
  42  4:37  SCV  
  43  4:39  Marine  
  43  4:40  Marine x2  
  46  4:46  Marine  
  46  4:48  Supply Depot  
  47  4:56  Factory  
  47  5:09  SCV  
  48  5:21  SCV  
  49  5:39  Factory Reactor  
  49  5:43  Starport  
  49  5:45  Terran Infantry Armor Level 1  
  49  5:46  Supply Depot  
  49  5:50  SCV x2  
  49  5:51  Marine  
  49  5:52  Marine x3  
  55  5:59  Refinery  
  55  6:02  SCV  
  55  6:03  SCV  
  57  6:09  Marine  
  57  6:10  Marine x3  
  61  6:22  Widow Mine  
  61  6:23  Widow Mine  
  65  6:27  Marine  
  43  6:44  Widow Mine x2  
  47  7:01  Orbital Command  
  47  7:02  Marine  
  47  7:03  Marine x3  
  47  7:05  Widow Mine  
  47  7:06  Widow Mine  
  52  7:20  Marine  
  52  7:21  Marine x3  
  55  7:26  Widow Mine  
  57  7:34  Refinery  
  57  7:38  Marine x4  
  57  7:39  SCV x2  
  63  7:45  Starport Reactor  
  63  7:51  SCV x2  
  65  7:56  Marine x4  
  65  8:13  Marine  
  65  8:14  Marine x3  
  62  8:31  Marine  
  62  8:32  Marine x3  
  66  8:34  SCV x2  
  68  8:42  Medivac x2  
  72  8:49  Marine  
  72  8:50  Marine x3  
  76  9:07  Marine x2  
  78  9:12  Supply Depot  
  78  9:15  Supply Depot  
  78  9:25  Command Center  
  78  9:34  Marine x4, Medivac x2  
  86  9:40  Supply Depot  
  86  9:43  Supply Depot  
  86  9:52  Marine x2  
  88  9:55  SCV x2  
  90  10:03  Supply Depot  
  90  10:04  Medivac  
  90  10:06  Supply Depot  
  92  10:07  SCV  
  92  10:09  Marine x2  
  95  10:14  Missile Turret  
  95  10:34  Missile Turret  
  95  10:52  Missile Turret  
  95  11:05  Supply Depot x2  
  95  11:07  Armory  
  95  11:19  Marine  
  95  11:20  Marine x5  
  95  11:24  Siege Tank  
  104  11:31  Medivac  
  98  11:53  Supply Depot  
  98  11:56  Siege Tank  
  98  12:01  SCV x2, Medivac  
  103  12:02  Marine x6  
  111  12:13  SCV x2  
  113  12:16  Missile Turret x2  
  113  12:17  Orbital Command, Missile Turret  
  113  12:20  Marine x6  
  119  12:25  SCV  
  119  12:28  Siege Tank  
  123  12:31  Medivac  
  125  12:37  Marine  
  125  12:38  Marine x2  
  128  13:00  Siege Tank  
  128  13:01  Medivac  
  133  13:14  Marine  
  133  13:15  Marine x5  
  139  13:31  Medivac  
  139  13:32  Siege Tank, Marine x2  
  139  13:33  Marine  
  135  13:52  Marine x6  
  141  13:58  SCV  
  141  13:59  SCV x2  
  141  14:01  Viking  
  146  14:03  Refinery  
  146  14:04  Siege Tank  
  146  14:09  Marine  
  149  14:10  Marine x5  
  155  14:27  Marine  
  155  14:28  Marine  
  157  14:37  Marine x3, Viking  
  155  14:39  Thor  
  124  14:57  Marine x6  
  117  15:07  Viking  
  117  15:15  Marine x6  
  119  15:22  Thor  
  118  15:32  Marine  
  118  15:33  Marine x5  
  124  15:50  Marine  
  124  15:51  Marine x3  
  128  16:25  Marine x6  
  129  16:29  Thor  
  140  16:34  Supply Depot  
  140  16:43  Supply Depot, Marine x6  
  146  17:00  Marine  
  146  17:01  Marine x5  
  114  17:18  Marine  
  114  17:19  Marine x5  
  102  17:50  Command Center  
  101  18:37  Refinery  
Tags
 
Matchup
TvT
Opening
2 Factory
Race
Terran
Replay Pack
DaveSC2
Spawn Locations
Cross Positions
Add a new tag
Caveats
  • Supply blocks, unpowered buildings, or Contaminate may cause inaccurate times.
  • Supply counts are checked every 10 seconds.